 Dungeon Crawl Stone Soup version 0.30-a0-739-gea05faddec (webtiles) character file.

Game seed: 13826098019032460183

3731 jimonade the Cleaver (level 10, -1/70 HPs)
             Began as a Djinni Hedge Wizard on Feb 4, 2023.
             Was an Initiate of Ashenzari.
             Killed from afar by an electric eel (11 damage)
             ... with a bolt of electricity
             ... on level 7 of the Dungeon.
             The game lasted 00:13:28 (8384 turns).

jimonade the Cleaver (Djinni Hedge Wizard)          Turns: 8384, Time: 00:13:28

Health: -1/70      AC: 13    Str: 13    XL:     10   Next: 36%
Gold:   380        EV:  7    Int: 16    God:    Ashenzari [......] SH:  0 Dex: 13

rFire   + + .      SeeInvis .    g - +0 war axe (distort)
rCold   x . .      Faith    .    (no shield)
rNeg    . . .      Spirit   .    l - +0 chain mail
rPois   ∞          Reflect  .    c - +0 hat
rElec   .          Harm     .    C - +1 cloak
rCorr   .          Rampage  .    u - +0 pair of gloves
Will    +....                    (boots unavailable) Stlth
                                 (no amulet)
HPRegen 0.31/turn                i - ring of wizardry
MPRegen 0.00/turn                (no ring)

@: flying
A: sickness immunity, fire resistance 2, cold vulnerability 1, float, innate
caster, HP casting, extra vitality 1
a: Renounce Religion


You were on level 7 of the Dungeon.
You worshipped Ashenzari.
Ashenzari was noncommittal.
You visited 2 branches of the dungeon, and saw 8 of its levels.
You also visited: Ossuary.

You collected 380 gold pieces.

Inventory:

Hand Weapons
 a - a +0 dagger
 g - a +0 war axe of distortion (weapon)
 p - a +0 antimagic sling
 q - a +0 spear
 r - a +2 dagger of venom
 x - the +5 Lochaber axe {reach-cleave, Poleaxe Drain}
   (You found it on level 2 of the Dungeon)

   Poleaxe:   It uses either Axes or Polearms skill, whichever is higher.
   Drain:     It drains your maximum health when unequipped.
 O - the +9 dagger of Zeemail {vamp, rF+ Int+3}
   (You found it on level 6 of the Dungeon)

   Int:       It affects your intelligence (+3).
   rF:        It protects you from fire.
 P - a +5 great sword
Missiles
 z - 2 atropa-tipped darts
 A - 13 poisoned darts
Armour
 b - a +0 robe
 c - a +0 hat (worn)
 f - a +0 ring mail
 l - a +0 chain mail (worn)
 u - a +0 pair of gloves (worn)
 C - a +1 cloak (worn)
 I - a +0 plate armour
 J - the +1 leather armour "Waebby" {Dex+3}
   (You found it on level 4 of the Dungeon)

   Dex:       It affects your dexterity (+3).
 L - a +2 leather armour of willpower
Jewellery
 i - a ring of wizardry (left hand)
Wands
 j - a wand of paralysis (13)
 F - a wand of flame (6)
 M - a wand of roots (15)
Scrolls
 h - 2 scrolls of amnesia {unknown}
 m - a scroll of torment {unknown}
 s - 8 scrolls of identify {unknown}
 t - 2 scrolls of brand weapon {unknown}
 v - a scroll of blinking {unknown}
 w - 4 scrolls of fog {unknown}
 y - 2 scrolls of enchant armour {unknown}
 B - 3 scrolls of noise {unknown}
 D - a scroll of immolation {unknown}
 E - 5 scrolls of teleportation {unknown}
 K - a scroll of magic mapping {unknown}
 N - a scroll of enchant weapon {unknown}
Potions
 d - a potion of brilliance {unknown}
 e - 4 potions of flight {unknown}
 k - 4 potions of lignification {unknown}
 n - 4 potions of curing {unknown}
 o - 3 potions of ambrosia {unknown}
 G - a potion of mutation {unknown}
 H - 4 potions of heal wounds {unknown}


   Skills:
 + Level 5.3 Fighting
 * Level 9.1 Axes
 + Level 6.5 Armour
 - Level 2.3 Dodging
 - Level 1.5 Stealth
 + Level 3.3 Spellcasting


You couldn't memorise any spells.
You knew the following spells:

 Your Spells              Type           Power      Damage    Failure   Level
a - Magic Dart            Conj           52%        1d5       38%         1
b - Slow                  Hex            52%        N/A       38%         1
c - Blink                 Tloc           26%        N/A       50%         2
d - Call Imp              Summ           13%        N/A       50%         2
e - Mephitic Cloud        Conj/Pois/Air  13%        N/A       73%         3
f - Beastly Appendage     Tmut           26%        N/A       38%         1
g - Wereblood             Tmut           13%        N/A       50%         2
h - Frozen Ramparts       Ice            26%        1d4       73%         3
i - Olgreb's Toxic Radia  Pois           13%        N/A       98%         4
Your spell library was empty.

Dungeon Overview and Level Annotations

Branches:
Dungeon (7/15)             Temple (1/1) D:7         Ossuary (visited)

Altars:
Ashenzari
Cheibriados
Dithmenos
Fedhas
Makhleb
Nemelex Xobeh
Okawaru
Qazlal
Ru
Uskayaw
Xom
Yredelemnul
Zin
The Shining One

Annotations:
Abyss:1 Grinder


Innate Abilities, Weirdness & Mutations

You are immune to sickness and miasma.
You are immune to poison.
Your flesh is very heat resistant. (rF++)
You are vulnerable to cold. (rC-)
You float through the air rather than walking.
You learn spells naturally, not from books.
Your magical power is your life essence.
You have superior vitality. (+4 MHP)


Message History

You kill the black bear!
No target in view!
No target in view!
Found a stone staircase leading down.
HP restored.
There is a stone staircase leading down here.
s - 7 scrolls labelled SANKUNISSU (gained 1)
Found a ring mail.
You see here a +0 ring mail.
s - 8 scrolls labelled SANKUNISSU (gained 1)
An electric eel comes into view.
The electric eel shoots out a bolt of lightning at you!
The bolt of electricity hits you.
The electric eel shoots out a bolt of lightning at you!
The bolt of electricity hits you!
The electric eel shoots out a bolt of lightning at you!
The bolt of electricity hits you!
The electric eel shoots out a bolt of lightning at you!
The bolt of electricity misses you.
You closely miss the electric eel.
The electric eel shoots out a bolt of lightning at you!
The bolt of electricity hits you!
You closely miss the electric eel.
The electric eel shoots out a bolt of lightning at you!
The bolt of electricity hits you!
You hit the electric eel.
The electric eel is lightly wounded.
The electric eel blinks!
The electric eel shoots out a bolt of lightning at you!
The bolt of electricity hits the plant!
The plant begins to die.
The bolt of electricity hits you.
The electric eel shoots out a bolt of lightning at you!
The bolt of electricity hits you!
* * * LOW HITPOINT WARNING * * *
The bolt of electricity hits the plant!
The plant begins to die.
The electric eel shoots out a bolt of lightning at you!
The bolt of electricity hits you!
* * * LOW HITPOINT WARNING * * *
The bolt of electricity hits you!
You die... .....P♣♣~~~♣ #. ### ....~~~~PP~♣ ###.~♣~~~~~~~ #♣♣~P~~P~~~♣ ~~~~P♣P~~ ~~PP~PP~~ P ~~≈~~~♣♣ # ~♣ ≈≈≈~~~~~## ## PP≈

≈≈≈≈≈~~♣@#
.#♣~~≈≈
≈≈≈≈≈~P~~#
..PP~~~
≈≈≈≈≈~~~♣#
.#P~~P≈
≈≈≈≈≈≈PS♣####
## ♣~≈≈
≈≈≈≈≈≈~♣~...##
# ≈~
≈≈≈≈≈≈~~~....#
# ≈
≈≈≈≈≈~~~~#...#
#
≈≈≈≈≈~~♣P....#
#
≈≈≈≈≈~♣~~##..#


You could see an electric eel.

Vanquished Creatures
  A hornet (D:7)
  A steam dragon (D:7)
  An ice beast (D:6)
  A black bear (D:7)
  A sky beast (D:6)
  3 ogres
  A centaur (D:7)
  A phantom (D:5)
  A kobold brigand (D:7)
  2 bullfrogs (D:7)
  5 necrophages
  5 scorpions
  4 wights
  9 howler monkeys
  A human zombie (Ossuary)
  4 hounds
  4 jellies
  An orc priest (D:3)
  A gnoll bouda (D:4)
  Crazy Yiuf (D:3)
  Jessica (D:3)
  2 iguanas
  An orc wizard (D:4)
  2 hound zombies (Ossuary)
  2 mummies
  7 adders
  7 gnolls (D:5)
  A worm (D:5)
  A dart slug (D:4)
  13 orcs
  2 ball pythons
  6 bats
  7 endoplasms
  2 giant cockroaches
  A gnoll zombie (Ossuary)
  5 hobgoblins
  3 jackals (D:4)
  7 quokkas
  4 frilled lizards
  5 goblins
  A hobgoblin zombie (Ossuary)
  7 kobolds
  2 kobold zombies (Ossuary)
  3 orc zombies
  5 rats
  3 rat zombies (Ossuary)
148 creatures vanquished.

Vanquished Creatures (others)
  19 plants
19 creatures vanquished.

Grand Total: 167 creatures vanquished

Notes
Turn   | Place    | Note
-------+----------+-------------------------------------------
     0 | D:1      | jimonade the Djinni Hedge Wizard began the quest for the
                  | Orb.
     0 | D:1      | jimonade set off with the following spells memorised: Magic
                  | Dart, Slow, Blink, Call Imp, Mephitic Cloud.
     0 | D:1      | Reached XP level 1. HP: 15/15 MP: 0/0
   135 | D:1      | Reached XP level 2. HP: 13/21 MP: 0/0
   492 | D:1      | Reached XP level 3. HP: 20/25 MP: 0/0
   492 | D:1      | Learned a level 1 spell: Beastly Appendage
  1249 | D:2      | Found the +5 Lochaber axe {reach-cleave, Poleaxe Drain}
  1456 | D:3      | Reached XP level 4. HP: 30/31 MP: 0/0
  1474 | D:3      | Reached skill level 1 in Fighting
  1474 | D:3      | Reached skill level 1 in Axes
  1579 | D:3      | Found a faded altar of an unknown god.
  1599 | D:3      | Noticed Jessica
  1603 | D:3      | Reached skill level 1 in Armour
  1611 | D:3      | Killed Jessica
  1612 | D:3      | Reached XP level 5. HP: 15/37 MP: 0/0
  1612 | D:3      | Learned a level 2 spell: Wereblood
  1747 | D:3      | Reached skill level 2 in Axes
  1876 | D:3      | Reached XP level 6. HP: 24/43 MP: 0/0
  2028 | D:3      | Found a runed translucent door.
  2029 | D:3      | Noticed Crazy Yiuf
  2318 | D:3      | Killed Crazy Yiuf
  2370 | D:4      | Reached skill level 3 in Axes
  2456 | D:4      | Noticed Grinder
  2470 | D:4      | Reached XP level 7. HP: 35/49 MP: 0/0
  2470 | D:4      | Learned a level 3 spell: Frozen Ramparts
  2472 | D:4      | Banished Grinder
  2473 | D:4      | Reached skill level 4 in Axes
  2760 | D:4      | Found a sand-covered staircase.
  2801 | Ossuary  | Entered an ossuary
  3092 | Ossuary  | Reached XP level 8. HP: 56/56 MP: 0/0
  3263 | D:4      | Found a glowing golden altar of the Shining One.
  3457 | D:4      | Identified the +1 leather armour "Waebby" {Dex+3}
  4011 | D:5      | Entered Level 5 of the Dungeon
  4027 | D:5      | Reached skill level 5 in Axes
  4376 | D:5      | Reached skill level 6 in Axes
  4814 | D:5      | Reached XP level 9. HP: 45/62 MP: 0/0
  4814 | D:5      | Learned a level 4 spell: Olgreb's Toxic Radiance
  4923 | D:5      | Found an iron altar of Okawaru.
  5618 | D:6      | Identified the +9 dagger of Zeemail {vamp, rF+ Int+3}
  5710 | D:6      | Reached skill level 5 in Armour
  5750 | D:6      | Reached skill level 7 in Axes
  6819 | D:6      | Reached skill level 8 in Axes
  7425 | D:6      | Reached XP level 10. HP: 37/69 MP: 0/0
  7716 | D:7      | Reached skill level 5 in Fighting
  7957 | D:7      | Reached skill level 9 in Axes
  8077 | D:7      | Found a staircase to the Ecumenical Temple.
  8165 | Temple   | Entered the Ecumenical Temple
  8266 | Temple   | Became a worshipper of Ashenzari the Shackled
  8384 | D:7      | Killed from afar by an electric eel

Illustrated notes

Levels and vault maps discovered:
D:1:      wander_arrival_chamber, layout_basic
D:2:      layout_basic
D:3:      layout_basic, ebering_ecumenical_altar_petrified, uniq_jessica,
          uniq_crazy_yiuf_cottage
D:4:      layout_layer_cave, mainiacjoe_overflow_chevrons,
          nicolae_ossuary_entry_giza, uniq_grinder
D:5:      layout_basic, okawaru_gym_becter
D:6:      layout_basic, st_stairs_6, grunt_decor_fettered,
          hangedman_decor_opposing, serial_bayou_ford_a
D:7:      layout_loops_cross, nzn_wu_jian_contemplation,
          minmay_temple_entry_grid, serial_bayou, serial_bayou_lake_a,
          serial_bayou_shore_a, serial_bayou_pond_e, serial_bayou_pond_d,
          serial_bayou_pond_a, serial_bayou_pond_c, minmay_misc_feat_tower
Temple:   nicolae_temple_superstar

Skill      XL: |  1  2  3  4  5  6  7  8  9 10 |
---------------+-------------------------------+-----
Spellcasting   | 3 |  3.3
Fighting       | 1 2 3 4 5 |  5.3
Axes           | 1 2 3 4 6 8 9 |  9.1
Armour         | 1 2 3 4 5 6 |  6.5
Dodging        | |  2.3
Stealth        | |  1.5

Action                     |  1- 3 |  4- 6 |  7- 9 | 10-12 || total
---------------------------+-------+-------+-------+-------++-------
  Melee: War axe           |    62 |    92 |   237 |    63 ||   454
         Punch             |     2 |       |     4 |       ||     6
   Cast: Magic Dart        |    25 |       |       |       ||    25
 Armour: Chain mail        |    55 |    85 |   202 |    47 ||   389
         Robe              |     1 |       |       |       ||     1
  Dodge: Dodged            |    28 |    23 |    75 |    28 ||   154

Table legend: (Time is in decaauts)
 A = Elapsed time spent in this place.
 B = Non-inter-level travel time spent in this place.
 C = Inter-level travel time spent in this place.
 D = Time resting spent in this place.
 E = Time spent auto-exploring this place.
 F = Levels seen in this place.
 G = Mean time per level.
                   A        B        C        D        E       F      G
               +--------+--------+--------+--------+--------+-----+--------+
         Total |   8507 |   7947 |    560 |   1516 |   4979 |   9 |  945.2 |
       Dungeon |   7972 |   7438 |    534 |   1435 |   4682 |   7 | 1138.9 |
        Temple |    110 |     84 |     26 |      0 |     69 |   1 |  110.0 |
       Ossuary |    424 |    424 |      0 |     81 |    228 |   1 |  424.0 |
               +--------+--------+--------+--------+--------+-----+--------+

Top non-repeatable levels by time:
     D:6: 2300 daAuts
     D:4: 1629 daAuts
     D:5: 1036 daAuts
     D:3: 949 daAuts
     D:1: 904 daAuts
     D:7: 579 daAuts
     D:2: 573 daAuts
 Ossuary: 424 daAuts
  Temple: 110 daAuts
